Map: Dusty Gorge

Players

Adversity - Winner!

  • Race: Terran Terran
  • Spawn Location: 11:00

mitsman - Winner!

  • Race: Zerg Zerg
  • Spawn Location: 9:00

llllllllllll

  • Race: Terran Terran
  • Spawn Location: 5:00

Gummo

  • Race: Terran Terran
  • League: Diamond
  • Spawn Location: 3:00

VOD

Have the link to the VOD?

Description

Time

  • Played on: July 14, 2018, 7:04 p.m.
  • Length: 9:19
Show
View Real Time Build Order
Export as new Build Order

Adversity Terran - Winner!

Build Orders:  

Get SALT Encoding   

  12  0:01  SCV  
  13  0:13  SCV  
  14  0:19  Supply Depot  
  14  0:25  SCV  
  15  0:30  Refinery  
  15  0:40  SCV  
  16  0:47  Barracks  
  16  0:52  SCV  
  17  1:07  SCV  
  18  1:14  Barracks  
  18  1:19  SCV  
  19  1:30  Barracks  
  19  1:38  Reaper  
  20  1:42  Orbital Command  
  20  1:57  Supply Depot  
  20  2:00  Refinery  
  20  2:01  Reaper  
  21  2:09  SCV  
  21  2:10  Reaper  
  23  2:19  Reaper  
  25  2:22  SCV  
  25  2:26  Supply Depot  
  25  2:34  Reaper  
  25  2:36  SCV  
  27  2:44  Reaper  
  28  2:48  SCV  
  29  2:51  Reaper  
  30  3:01  SCV  
  31  3:10  Reaper, Command Center  
  32  3:16  Reaper  
  32  3:17  SCV  
  34  3:23  Reaper  
  34  3:24  Supply Depot  
  34  3:42  Reaper  
  34  3:48  Reaper  
  36  3:55  Reaper  
  33  4:18  SCV  
  33  4:21  Barracks, Barracks Reactor, Command Center  
  33  4:22  Barracks, Barracks Tech Lab  
  33  4:24  Orbital Command  
  33  4:30  SCV  
  34  4:32  Marine  
  35  4:41  Marine  
  35  4:42  SCV  
  37  4:51  Marine  
  37  4:52  Stimpack  
  38  4:54  Engineering Bay  
  38  4:55  SCV x2  
  40  5:00  Marine  
  40  5:01  Marine  
  42  5:07  SCV x2  
  43  5:32  Marine  
  43  5:33  Marine x5  
  45  5:39  SCV, Orbital Command  
  45  5:40  SCV  
  45  5:41  Missile Turret  
  45  5:42  Factory  
  45  5:43  Missile Turret  
  45  5:47  Engineering Bay  
  45  5:52  SCV x2  
  45  5:54  Marine x2  
  49  5:57  Marine  
  49  5:58  Marine x3  
  53  6:05  SCV x2  
  53  6:07  Missile Turret, SCV  
  56  6:14  Marine x2  
  56  6:17  Barracks Reactor x2  
  56  6:18  Refinery x2, Barracks Reactor  
  57  6:20  SCV x3  
  60  6:32  Marine, SCV x2  
  60  6:33  Marine x2  
  60  6:34  SCV  
  64  6:43  Factory Reactor  
  64  6:44  Terran Infantry Armor Level 1, Terran Infantry Weapons Level 1, Starport, SCV  
  65  6:52  Marine x3  
  67  6:57  Marine x5  
  67  6:58  Marine  
  67  6:59  SCV  
  67  7:00  SCV  
  75  7:03  Supply Depot  
  75  7:04  Supply Depot  
  74  7:19  Barracks Tech Lab  
  74  7:23  Supply Depot  
  74  7:25  SCV  
  74  7:26  SCV  
  74  7:28  Factory Tech Lab  
  77  7:31  Medivac x2  
  77  7:32  Orbital Command  
  77  7:35  Supply Depot  
  80  7:37  Combat Shield  
  80  7:38  Supply Depot  
  80  7:40  Armory  
  80  7:45  SCV x2  
  80  7:46  Missile Turret  
  82  7:53  Marine x6, Siege Tank  
  82  7:54  Marine x2  
  93  7:59  Supply Depot  
  93  8:00  SCV  
  93  8:01  SCV  
  93  8:02  SCV  
  96  8:09  Medivac  
  96  8:10  Medivac  
  100  8:13  SCV x2  
  100  8:16  SCV  
  100  8:17  Sensor Tower  
  100  8:19  Supply Depot  
  103  8:25  SCV x2  
  105  8:28  SCV, Siege Tank  
  107  8:42  Marine  
  107  8:43  Marine x7  
  115  8:48  SCV  
  115  8:49  SCV x2  
  115  8:53  Barracks  
  115  8:54  Supply Depot  
  115  8:55  Barracks, Factory, Supply Depot x2  
  118  8:57  Refinery  
  118  8:58  Refinery  
Show
View Real Time Build Order
Export as new Build Order

mitsman Zerg - Winner!

Build Orders: Pool First 

Get SALT Encoding   

  12  0:01  Drone  
  13  0:12  Overlord  
  13  0:18  Drone  
  14  0:31  Drone  
  14  0:32  Drone  
  14  0:35  Drone, Extractor  
  16  0:51  Spawning Pool  
  16  0:53  Drone  
  16  0:57  Drone  
  17  1:25  Hatchery  
  16  1:28  Drone  
  17  1:33  Drone  
  17  1:38  Metabolic Boost  
  18  1:52  Queen  
  20  2:00  Overlord  
  20  2:10  Zergling x4  
  22  2:21  Zergling x2  
  23  2:27  Zergling x2  
  24  2:40  Overlord, Queen  
  24  2:41  Zergling x2  
  27  2:46  Zergling x2  
  28  2:53  Zergling x2  
  29  3:02  Zergling x4  
  31  3:11  Overlord  
  32  3:12  Zergling x2  
  32  3:14  Hatchery  
  31  3:22  Overlord  
  30  3:36  Zergling x2  
  30  3:38  Zergling x6  
  31  3:53  Drone  
  32  3:57  Zergling x2  
  32  3:58  Zergling x6  
  30  4:13  Roach Warren  
  29  4:21  Zergling x12  
  31  4:41  Extractor  
  31  4:44  Drone x6  
  36  4:53  Extractor  
  36  4:54  Extractor  
  36  4:57  Spore Crawler  
  33  5:05  Drone x2  
  32  5:17  Spore Crawler  
  26  5:30  Drone  
  26  5:31  Drone x4  
  31  5:40  Drone x2  
  33  5:57  Spore Crawler  
  32  6:09  Roach x5  
  40  6:21  Overlord  
  40  6:22  Queen  
  42  6:29  Roach x2  
  46  6:39  Drone x5  
  51  6:51  Spore Crawler  
  50  6:56  Spore Crawler  
  50  6:57  Lair  
  49  7:06  Roach  
  49  7:07  Roach x3  
  57  7:15  Queen  
  57  7:18  Drone x3  
  62  7:25  Drone x3  
  65  7:37  Queen  
  65  7:39  Spore Crawler  
  65  7:43  Overlord  
  66  7:56  Glial Reconstitution  
  66  8:00  Overseer  
  66  8:04  Ravager x3  
  69  8:08  Drone x4  
  69  8:09  Drone  
  69  8:10  Drone x3  
  77  8:21  Overlord x2  
  77  8:22  Ravager  
  78  8:29  Baneling Nest  
  77  8:35  Overlord x2  
  77  8:37  Roach x2  
  81  9:02  Drone x3  
  84  9:09  Hatchery  
Show
View Real Time Build Order
Export as new Build Order

llllllllllll Terran 

Build Orders: Gas First Reaper Expand, Hellion Banshee 

Get SALT Encoding   

  12  0:00  SCV  
  13  0:13  SCV  
  14  0:21  Supply Depot  
  14  0:25  SCV  
  15  0:33  Refinery  
  15  0:42  SCV  
  16  0:46  Barracks  
  16  0:54  SCV  
  17  1:07  SCV  
  18  1:19  SCV  
  19  1:33  Reaper, Orbital Command  
  20  1:49  Command Center  
  20  1:58  Factory  
  20  2:00  SCV  
  21  2:09  Barracks Reactor  
  21  2:12  SCV  
  21  2:15  Supply Depot  
  22  2:19  Refinery  
  22  2:26  SCV  
  23  2:38  SCV  
  24  2:54  SCV  
  24  2:58  Hellion x2  
  29  3:02  Orbital Command  
  28  3:08  Barracks Tech Lab  
  28  3:16  Starport  
  28  3:19  Hellion x2  
  32  3:27  SCV  
  33  3:28  SCV  
  34  3:39  SCV  
  34  3:41  Hellion x2  
  39  3:43  SCV  
  40  3:51  SCV  
  41  4:01  Banshee  
  41  4:02  Hellion  
  46  4:04  Hellion  
  37  4:19  Cloaking Field  
  37  4:21  SCV x2  
  37  4:24  Supply Depot  
  39  4:32  Supply Depot  
  39  4:33  SCV  
  36  4:39  Hellion x2  
  36  4:45  Banshee  
  37  4:57  Barracks Tech Lab  
  37  5:01  SCV  
  37  5:02  Barracks, SCV  
  37  5:05  Hellion  
  37  5:06  Hellion  
  17  5:41  SCV x2  
  16  5:51  Hellion  
  16  5:52  Hellion  
  20  6:01  SCV x2  
  22  6:10  Stimpack  
  22  6:13  SCV  
  22  6:15  SCV  
  24  6:25  SCV  
  25  6:27  SCV  
  26  6:37  SCV  
  26  6:39  SCV  
  31  6:45  Marine  
  31  6:46  Barracks  
  29  6:49  Barracks, SCV  
  29  6:52  SCV  
  31  7:00  Starport Reactor  
  31  7:01  SCV  
  31  7:04  SCV  
  31  7:05  Marine  
  34  7:12  Siege Tank  
  34  7:13  SCV  
  38  7:16  SCV  
  33  7:25  Marine, SCV  
  33  7:28  SCV  
  36  7:38  SCV  
  36  7:39  Marine x2  
  36  7:41  SCV  
  36  7:42  Marine  
  36  7:43  Starport Reactor  
  41  7:49  Marine x2  
  41  7:50  SCV  
  44  7:53  SCV  
  45  8:01  Siege Tank  
  45  8:02  SCV  
  45  8:05  Supply Depot, SCV  
  50  8:14  SCV  
  50  8:17  SCV  
  50  8:19  Refinery, Marine  
  53  8:26  SCV  
  54  8:27  Marine  
  54  8:28  Marine  
  54  8:29  Supply Depot x2, SCV  
  57  8:38  SCV  
  58  8:41  SCV  
  58  8:48  Engineering Bay  
  59  8:50  Engineering Bay, SCV  
  59  8:53  SCV  
  59  8:54  Marine x2  
  65  9:03  SCV  
  65  9:05  SCV  
Show
View Real Time Build Order
Export as new Build Order

Gummo Terran 

Build Orders: Gas First Reaper Expand, Hellion Opening 

Get SALT Encoding   

  12  0:01  SCV  
  13  0:13  SCV  
  14  0:18  Supply Depot  
  14  0:25  SCV  
  15  0:33  Refinery  
  15  0:40  SCV  
  16  0:45  Barracks  
  16  0:52  SCV  
  17  0:58  Refinery  
  17  1:04  SCV  
  18  1:17  SCV  
  19  1:33  Orbital Command  
  19  1:34  Factory  
  19  1:39  Reaper  
  20  1:53  Supply Depot  
  20  1:59  SCV  
  21  2:11  SCV, Barracks Reactor  
  22  2:20  Factory  
  22  2:21  Hellion  
  24  2:23  SCV  
  24  2:29  Supply Depot  
  24  2:50  SCV  
  25  2:56  Hellion x2  
  25  2:57  Barracks Reactor  
  29  3:02  SCV  
  29  3:04  Supply Depot  
  30  3:16  Hellion  
  30  3:17  Hellion x2  
  24  3:39  Hellion  
  5  4:06  Hellion  
  7  4:34  Hellion  
  11  4:39  Orbital Command  
  5  5:04  Orbital Command  
    5:51  SCV  
  1  6:07  SCV  
  1  6:29  SCV  
  2  6:36  Supply Depot  
  2  6:41  SCV  
  2  6:46  Marine  
  4  6:53  SCV  
  5  7:05  SCV  
  6  7:12  Factory Tech Lab, Marine  
  7  7:17  SCV  
  8  7:29  SCV  
  9  7:30  Siege Tank  
  9  7:32  Marine  
  13  7:41  SCV  
  14  7:51  Command Center  
  14  7:57  SCV  
  15  8:10  Marine  
  15  8:11  SCV  
  17  8:24  SCV  
  18  8:36  SCV  
  19  8:48  SCV  
  20  8:50  Factory  
  20  8:57  Marine  
  20  9:00  SCV  
Tags
 
Add a new tag
Caveats
  • Supply blocks, unpowered buildings, or Contaminate may cause inaccurate times.
  • Supply counts are checked every 10 seconds.